 Dungeon Crawl Stone Soup version 0.17.1-3-g152610e (webtiles) character file.

95 juanjsm the Skirmisher (level 4, -4/29 HPs)
             Began as a Gargoyle Fighter on Mar 10, 2016.
             Killed by divine providence
             ... invoked by an orc priest
              (11 damage)
             ... on level 3 of the Dungeon.
             The game lasted 00:10:49 (1459 turns).

juanjsm the Skirmisher (Gargoyle Fighter)           Turns: 1459, Time: 00:10:49

Health: -4/29      AC: 12    Str: 21    XL:     4   Next: 65%
Magic:  4/4        EV:  8    Int:  8    God:
Gold:   31         SH:  9    Dex:  9    Spells: 0 memorised, 3 levels left

rFire  . . .     SeeInvis .     a - +0 long sword
rCold  . . .     Clarity  .     b - +0 scale mail
rNeg   + . .     SustAt   .     c - +0 shield
rPois  ∞         Gourm    .     (no helmet)
rElec  +         Spirit   .     y - +1 cloak {+Inv}
rCorr  .         Warding  .     (no gloves)
rMut   .         Stasis   .     (no boots)
MR     +....                    (no amulet)
Stlth  ..........               (no ring)
                                m - ring of protection from magic

@: somewhat resistant to hostile enchantments, extremely unstealthy
A: negative energy resistance 1, electricity resistance, unbreathing,
petrification resistance, rot immunity, AC +3
a: Evoke Invisibility


You were on level 3 of the Dungeon.
You were not hungry.

You visited 1 branch of the dungeon, and saw 3 of its levels.

You collected 31 gold pieces.

Inventory:

Hand Weapons
 a - a +0 long sword (weapon)
Missiles
 w - 6 javelins of returning (quivered)
Armour
 b - a +0 scale mail (worn)
 c - a +0 shield (worn)
 y - a +1 cloak of invisibility (worn)
Jewellery
 m - a ring of protection from magic (left hand)
 t - an uncursed ring of stealth {unknown}
Scrolls
 g - 2 scrolls of amnesia {unknown}
 h - 2 scrolls of enchant armour {unknown}
 i - 3 scrolls of remove curse
 l - a scroll of magic mapping {unknown}
 n - 2 scrolls of identify {unknown}
 o - 2 scrolls of immolation {unknown}
Potions
 d - a potion of might
 f - a potion of invisibility
 j - a potion of degeneration {unknown}
 k - a potion of lignification {unknown}
 p - 2 potions of brilliance {unknown}
 v - 2 potions of haste {unknown}
Comestibles
 e - a bread ration
 q - 2 beef jerkies
 r - 3 fruits
 u - a meat ration
 x - 2 chunks of flesh


   Skills:
 + Level 4.0 Fighting
 + Level 2.2 Long Blades
 + Level 3.8 Armour
 + Level 1.2 Dodging
 + Level 0.5 Stealth
 + Level 4.0 Shields


You had 3 spell levels left.
You didn't know any spells.

Dungeon Overview and Level Annotations

Branches:
Dungeon (3/15)

Altars:


Innate Abilities, Weirdness & Mutations

You are resistant to torment.
Your stone body is resilient (AC +3).
You are immune to poison.
You resist negative energy.
You are resistant to electric shocks.
You can survive without breathing.
You are immune to petrification.
You are immune to rotting.


Message History

You slash the orc!
You kill the orc!
Your Shields skill increases to level 4!
The orc priest invokes the aid of Beogh against you.
Something smites you!
* * * LOW HITPOINT WARNING * * *
The orc hits you but does no damage.
You are too injured to fight recklessly!
You are too injured to fight recklessly!
You are too injured to fight recklessly!
You are too injured to fight recklessly!
You are too injured to fight recklessly!
You are too injured to fight recklessly!
You slash the orc!
You kill the orc!
You completely miss the orc priest. You block the orc priest's attack.
You barely miss the orc priest.
The orc priest invokes the aid of Beogh against you.
Something smites you!
You die...

#.#.........#
##.#...##.####
##.........#
#..........#
#####..........#
........#...##.#
#####...#...##.# #
##..#...##.######### #
#..........@o......
######...####.##########
#.......[.....#
#.####..(.##### #.#
#.....#### #.#
#......... #.#
#.#...#### #.####.#...##
..............


You could see an orc priest.

Vanquished Creatures
  4 adders (D:2)
  An ooze (D:2)
  2 worms (D:2)
  A giant gecko (D:1)
  4 orcs (D:3)
  A ball python (D:1)
  3 giant cockroaches (D:2)
  4 goblins
  4 hobgoblins
  2 jackals (D:1)
  6 kobolds
  A quokka (D:2)
  2 bats (D:1)
  3 giant newts
  9 rats
47 creatures vanquished.

Notes
Turn   | Place    | Note
--------------------------------------------------------------
     0 | D:1      | juanjsm the Gargoyle Fighter began the quest for the Orb.
     0 | D:1      | Reached XP level 1. HP: 14/14 MP: 1/1
    76 | D:1      | Reached XP level 2. HP: 19/19 MP: 2/2
   695 | D:2      | Reached XP level 3. HP: 24/24 MP: 3/3
  1026 | D:2      | Reached skill level 1 in Dodging
  1053 | D:2      | Reached XP level 4. HP: 29/29 MP: 4/4
  1348 | D:2      | Reached skill level 4 in Fighting
  1459 | D:3      | Killed from afar by an orc priest

Action                   |  1- 3 |  4- 6 || total
-------------------------+-------+-------++-------
Melee: Long sword        |   127 |    51 ||   178
  Use: Scroll            |       |     1 ||     1
  Eat: Chunk             |     1 |     1 ||     2
